 Dungeon Crawl Stone Soup version 0.31-a0-1327-g8c40ea976f (webtiles) character file.

Game seed: 10324167601845376020

153 GreatBamboolord the Apothecary (level 5, -10/38 HPs)
             Began as an Armataur Alchemist on Dec 21, 2023.
             Mangled by an ogre
             ... wielding a +0 giant spiked club
              (37 damage)
             ... on level 4 of the Dungeon.
             The game lasted 00:08:42 (2872 turns).

GreatBamboolord the Apothecary (Armataur Alchemist) Turns: 2872, Time: 00:08:43

Health: -10/38     AC:  6    Str: 13    XL:     5   Next: 12%
Magic:  1/8        EV: 10    Int: 23    God:
Gold:   200        SH:  0    Dex: 11    Spells: 3/9 levels left

rFire   . . .        f - staff of conjuration
rCold   . . .        (no shield)
rNeg    . . .        a - +0 robe
rPois   .            m - +0 helmet
rElec   .            (no cloak)
rCorr   .            n - +0 pair of gloves
SInv    .            (no barding)
Will    .....        (no amulet)
Stlth   ++           r - +6 ring of intelligence
HPRegen 0.26/turn    (no ring)
MPRegen 0.11/turn

%: roll
@: very slightly contaminated
A: large, deformed body, tough skin 3, armoured tail, roll 1
a: no special abilities


You were on level 4 of the Dungeon.
You visited 1 branch of the dungeon, and saw 4 of its levels.

You collected 200 gold pieces.

Inventory:

Hand Weapons
 g - a +0 dagger
Armour
 a - a +0 robe (worn)
 m - a +0 helmet (worn)
 n - a +0 pair of gloves (worn)
Magical Staves
 f - a staff of conjuration (weapon)
Jewellery
 o - an amulet of faith
 r - a +6 ring of intelligence (left hand)
Wands
 j - a wand of paralysis (7)
 v - a wand of iceblast (7)
 w - a wand of polymorph (7)
Scrolls
 c - a scroll of vulnerability
 d - a scroll of revelation
 e - 4 scrolls of noise
 h - 4 scrolls of teleportation
 i - a scroll of fear {unknown}
 q - a scroll of silence {unknown}
 s - a scroll of amnesia {unknown}
Potions
 b - a potion of magic
 k - 2 potions of curing
 l - 3 potions of lignification {unknown}
 p - 2 potions of berserk rage {unknown}
 t - a potion of enlightenment {unknown}
 u - a potion of resistance {unknown}


   Skills:
 + Level 1.4 Armour
 + Level 1.9 Dodging
 * Level 3.3 Stealth
 * Level 2.5 Spellcasting
 + Level 1.5 Conjurations
 + Level 0.9 Air Magic
 * Level 3.3 Alchemy


You had 3 spell levels left.
You knew the following spells:

 Your Spells              Type           Power      Damage    Failure   Level
a - Sting                 Conj/Alch      84%        1d8       4%          1
b - Mercury Vapours       Alch/Air       24%        N/A       8%          2
c - Mephitic Cloud        Conj/Alch/Air  18%        N/A       16%         3

Your spell library contained the following spells:

 Spells                   Type           Power      Damage    Failure   Level
 Olgreb's Toxic Radiance  Alch           18%        N/A       30%         4
 Sticky Flame             Fire/Alch      10%        2d5       52%         4


Dungeon Overview and Level Annotations

Branches:
Dungeon (4/15)
 Temple: D:4-7

Altars:
Zin

Shops:
D:2 :

Annotations:
D:3 1 exclusion


Innate Abilities, Weirdness & Mutations

Armour fits poorly on your strangely shaped body.
You have extremely tough skin. (AC +3)
You have a long armoured tail.
You regenerate magic when rolling toward enemies. (Rampage MPRegen)


Message History

Aim: an adder (moderately wounded, poisoned, 60% to hit)
You feel a surge of power!
The sting hits the adder!
The adder looks even sicker.
The adder is almost dead.
You kill the adder!
Aiming: Sting (safe; 4% risk of failure)
Press: ? - help, Q - select action, (/) - cycle Shift-Dir - straight line, f - ogre
Aim: an ogre, wielding a +0 giant spiked club (89% to hit)
You feel a surge of power!
The sting hits the ogre.
The ogre is poisoned.
The ogre is lightly wounded.
Unknown command.
Aiming: Sting (safe; 4% risk of failure)
Press: ? - help, Q - select action, (/) - cycle Shift-Dir - straight line, f/p - ogre
Aim: an ogre, wielding a +0 giant spiked club (lightly wounded, poisoned, 89% to hit)
You feel a surge of power!
You miscast Sting.
You are very lightly contaminated with residual magic.
Nothing appears to happen.
The ogre hits you with a +0 giant spiked club!
An endoplasm comes into view.
Aiming: Sting (safe; 4% risk of failure)
Press: ? - help, Q - select action, (/) - cycle Shift-Dir - straight line, f/p - ogre
Aim: an ogre, wielding a +0 giant spiked club (lightly wounded, poisoned, 89% to hit)
You feel a surge of power!
The sting hits the ogre!
The ogre looks even sicker.
The ogre is moderately wounded.
The adder bites you.
Aiming: Sting (safe; 4% risk of failure)
Press: ? - help, Q - select action, (/) - cycle Shift-Dir - straight line, f/p - ogre
Aim: an ogre, wielding a +0 giant spiked club (moderately wounded, very poisoned, 89% to hit)
You feel a surge of power!
The sting hits the ogre.
The ogre looks even sicker.
The ogre is heavily wounded.
The adder bites you but does no damage. The ogre barely misses you.
The adder bites you but does no damage.
Aiming: Sting (safe; 4% risk of failure)
Press: ? - help, Q - select action, (/) - cycle Shift-Dir - straight line, f/p - ogre
Aim: an ogre, wielding a +0 giant spiked club (heavily wounded, very poisoned, 89% to hit)
You feel a surge of power!
You miscast Sting.
Nothing appears to happen.
The adder barely misses you.
The ogre hits you with a +0 giant spiked club!!!
Ouch! That really hurt!
You die...

...# .........
.#. .........
.J#.........
#..#.......
..##..#.....#
..........#
##?##.SO.#..##
......?@.#...#
.##......##..####
#...#...........#
..# #...........#
# ####........#
##.......#
#.......#
#.......##
###........##


You could see an ogre (very poisoned), an adder and an endoplasm.

Vanquished Creatures
  A hound skeleton (D:3)
  6 adders
  An adder zombie (D:3)
  2 adder skeletons (D:3)
  3 worms (D:2)
  A dart slug (D:2)
  4 bats
  8 endoplasms
  3 giant cockroaches
  4 goblins
  4 hobgoblins (D:2)
  2 jackals (D:3)
  6 quokkas
  10 ball pythons
  4 frilled lizards
  6 kobolds
  A quokka skeleton (D:3)
  4 rats
70 creatures vanquished.

Notes
Turn   | Place    | Note
-------+----------+-------------------------------------------
     0 | D:1      | GreatBamboolord the Armataur Alchemist began the quest for
                  | the Orb.
     0 | D:1      | Reached XP level 1. HP: 14/14 MP: 3/3
   197 | D:1      | Reached skill level 1 in Conjurations
   423 | D:1      | Reached XP level 2. HP: 20/20 MP: 2/4
   574 | D:1      | Learned a level 2 spell: Mercury Vapours
  1027 | D:2      | Found Dibrir's Book Shoppe.
  1124 | D:2      | Reached XP level 3. HP: 20/26 MP: 3/6
  1128 | D:2      | Learned a level 3 spell: Mephitic Cloud
  1171 | D:2      | Reached skill level 1 in Armour
  1585 | D:2      | Reached XP level 4. HP: 33/33 MP: 7/7
  2428 | D:3      | Found a glowing silver altar of Zin.
  2648 | D:3      | Reached XP level 5. HP: 36/38 MP: 1/8
  2864 | D:4      | Noticed an ogre
  2872 | D:4      | Mangled by an ogre

Illustrated notes

Levels and vault maps discovered:
D:1:      dpeg_arrival_round_a, layout_loops_ring, minmay_misc_feat_tiny,
          st_stairs_4, kennysheep_boxes
D:2:      minmay_recursive_quarters, layout_basic, serial_shops,
          nicolae_book_shop_shelving, minmay_tromino_v7
D:3:      layout_rooms, zin_statuary, serial_undead, serial_undead_f,
          serial_undead_a, serial_undead_e, serial_undead_d, minmay_statues_item
D:4:      layout_rooms

Skill      XL: |  1  2  3 |
---------------+----------+-----
Conjurations   | 1 |  1.5
Spellcasting   | 2 |  2.5
Alchemy        | 3 |  3.3
Armour         | 1 |  1.4
Stealth        | 3 |  3.3
Dodging        | |  1.9
Air Magic      | |  0.9

Action                     |  1- 3 |  4- 6 || total
---------------------------+-------+-------++-------
  Melee: Staff             |    26 |    17 ||    43
         Tailslap          |     2 |     3 ||     5
         Punch             |     1 |       ||     1
   Cast: Sting             |    85 |    85 ||   170
    Use: Scroll            |     5 |       ||     5
 Armour: Robe              |    47 |    50 ||    97
  Dodge: Dodged            |    31 |    30 ||    61

Table legend: (Time is in decaauts)
 A = Elapsed time spent in this place.
 B = Non-inter-level travel time spent in this place.
 C = Inter-level travel time spent in this place.
 D = Time resting spent in this place.
 E = Time spent auto-exploring this place.
 F = Levels seen in this place.
 G = Mean time per level.
                   A        B        C        D        E       F      G
               +--------+--------+--------+--------+--------+-----+--------+
         Total |   2878 |   2763 |    115 |     22 |   2151 |   4 |  719.5 |
       Dungeon |   2878 |   2763 |    115 |     22 |   2151 |   4 |  719.5 |
               +--------+--------+--------+--------+--------+-----+--------+

Top non-repeatable levels by time:
     D:2: 1048 daAuts
     D:1: 1029 daAuts
     D:3: 767 daAuts
     D:4: 32 daAuts
